 Dungeon Crawl Stone Soup version 0.28-a0-1227-ga9037bb4c8 (webtiles) character file.

Game seed: 13165633706828128897

133 flotson the Ducker (level 4, -9/35 HPs)
             Began as a Demonspawn Gladiator on Dec 23, 2021.
             Shot with an arrow by a centaur (14 damage)
             ... on level 4 of the Dungeon.
             The game lasted 00:03:22 (3427 turns).

flotson the Ducker (Demonspawn Gladiator)           Turns: 3427, Time: 00:03:23

Health: -9/35      AC: 14    Str: 16    XL:     4   Next: 93%
Magic:  4/4        EV: 10    Int:  9    God:
Gold:   86         SH:  0    Dex: 15    Spells: 3/3 levels left

rFire   . . .      SeeInvis .   r - +4 quarterstaff (chaos)
rCold   . . .      Faith    .   (shield currently unavailable)
rNeg    . . .      Spirit   .   j - +0 scale mail
rPois   .          Reflect  .   b - +1 hat
rElec   .          Harm     .   q - +0 cloak
rCorr   .          Rampage  .   n - +2 pair of gloves
Will    .....                   (no boots)
Stlth   ..........              (no amulet)
HPRegen 0.11/turn               (no ring)
MPRegen 0.09/turn               (no ring)

@: no status effects
A: antennae 1, icy blue scales 2
a: no special abilities


You were on level 4 of the Dungeon.
You visited 1 branch of the dungeon, and saw 4 of its levels.

You collected 86 gold pieces.

Inventory:

Hand Weapons
 a - a +0 flail
 r - a +4 quarterstaff of chaos (weapon)
Missiles
 d - 2 throwing nets (quivered)
 k - 2 boomerangs of dispersal
 m - 11 poisoned darts
Armour
 b - a +1 hat (worn)
 j - a +0 scale mail (worn)
 n - a +2 pair of gloves (worn)
 q - a +0 cloak (worn)
Jewellery
 t - a +4 ring of protection
Scrolls
 c - 2 scrolls of teleportation {unknown}
 f - a scroll of immolation {unknown}
 g - 3 scrolls of identify {unknown}
 o - a scroll of torment {unknown}
 p - a scroll of enchant weapon {unknown}
 s - a scroll of blinking {unknown}
Potions
 e - a potion of lignification {unknown}
 h - 4 potions of degeneration {unknown}
 i - a potion of berserk rage {unknown}
 l - a potion of haste {unknown}


   Skills:
 + Level 3.0 Fighting
 - Level 2.6 Maces & Flails
 + Level 2.8 Throwing
 + Level 1.8 Armour
 + Level 3.4 Dodging


You had 3 spell levels left.
You didn't know any spells.
Your spell library contained the following spells:

 Spells                   Type           Power      Damage    Failure   Level
 Blink                    Tloc           0%         N/A       92%         2
 Lesser Beckoning         Tloc           0%         N/A       99%         3
 Manifold Assault         Tloc           0%         N/A       100%        5


Dungeon Overview and Level Annotations

Branches:
Dungeon (4/15)
 Temple: D:4-7

Altars:
Elyvilon
Sif Muna
Trog

Shops:
D:1 (


Innate Abilities, Weirdness & Mutations

You have a pair of small antennae on your head.
You are mostly covered in icy blue scales. (AC +3)


Message History

The phantom hits you but does no damage.
You sock the phantom!
The phantom is almost destroyed.
The centaur shoots an arrow.
The arrow barely misses you. The phantom hits you.
The phantom blinks!
You blink.
The phantom hits you but does no damage.
You are too injured to fight recklessly!
You are too injured to fight recklessly!
You are too injured to fight recklessly!
You are too injured to fight recklessly!
You are too injured to fight recklessly!
You are too injured to fight recklessly!
You are too injured to fight recklessly!
You are too injured to fight recklessly!
You are too injured to fight recklessly!
You are too injured to fight recklessly!
You are too injured to fight recklessly!
You are too injured to fight recklessly!
You are too injured to fight recklessly!
You miss the phantom.
The phantom is almost destroyed.
The phantom closely misses you. The phantom misses you.
You closely miss the phantom.
The phantom is almost destroyed.
The phantom hits you but does no damage.
The phantom hits you.
* * * LOW HITPOINT WARNING * * *
You barely miss the phantom.
The phantom is almost destroyed.
The phantom hits you but does no damage.
You barely miss the phantom.
The phantom is almost destroyed.
The phantom hits you but does no damage.
The phantom barely misses you.
You miss the phantom.
The phantom is almost destroyed.
The phantom hits you.
* * * LOW HITPOINT WARNING * * *
The centaur shoots an arrow.
The arrow hits you!
You die...

##.#####.#####..........ยง#..#
............................#
##.###...####.....#.#....#..#
##.# #...####...>.#......#..
##.###...#............#.....#
.........#.#...#..#.#.#..#...
##.........#.....c...........#
##........###....W..#. ......#
.........## #..@...#. ..#.<..
#.....#.## ##.#.....#
.....#### ## #...... ..#.##
#.#... .#### ## .# ## # .####
..#.## .....##


You could see a phantom (fast) and a centaur.

Vanquished Creatures
  Crazy Yiuf (D:3)
  A bullfrog skeleton (D:3)
  2 adders (D:2)
  A worm (D:2)
  A dart slug (D:3)
  2 orcs (D:3)
  3 ball pythons
  5 endoplasms
  5 giant cockroaches
  7 goblins
  3 hobgoblins
  8 kobolds
  2 quokkas
  5 bats
  A frilled lizard (D:2)
  A rat (D:3)
48 creatures vanquished.

Notes
Turn   | Place    | Note
-------+----------+-------------------------------------------
     0 | D:1      | flotson the Demonspawn Gladiator began the quest for the
                  | Orb.
     0 | D:1      | Reached XP level 1. HP: 16/16 MP: 1/1
   319 | D:1      | Gained mutation: You have a pair of small antennae on your
                  | head. [demonic ancestry]
   319 | D:1      | Reached XP level 2. HP: 22/22 MP: 2/2
   524 | D:1      | Found Wuschulu's Weapon Boutique.
  1099 | D:2      | Reached skill level 1 in Armour
  1144 | D:2      | Gained mutation: You are partially covered in icy blue
                  | scales. (AC +2) [demonic ancestry]
  1144 | D:2      | Reached XP level 3. HP: 28/28 MP: 3/3
  1998 | D:3      | Found a bloodstained altar of Trog.
  2058 | D:3      | Gained mutation: You are mostly covered in icy blue scales.
                  | (AC +3) [demonic ancestry]
  2058 | D:3      | Reached XP level 4. HP: 23/34 MP: 4/4
  2445 | D:3      | Found a runed translucent door.
  2446 | D:3      | Noticed Crazy Yiuf
  2469 | D:3      | Found a faded altar of an unknown god.
  2902 | D:3      | Killed Crazy Yiuf
  3145 | D:4      | Found a shimmering blue altar of Sif Muna.
  3409 | D:4      | Noticed a phantom
  3411 | D:4      | Noticed a centaur
  3427 | D:4      | Shot with an arrow by a centaur

Illustrated notes

Levels and vault maps discovered:
D:1:      dpeg_arrival_morbid_curiosity, layout_basic, serial_shops,
          nicolae_shop_waterfront
D:2:      layout_basic, basic_altar
D:3:      layout_loops_ring, mainiacjoe_overflow_six_doors_small,
          chequers_ecumenical_altar_simple, minmay_misc_feat_nine_boxes,
          uniq_crazy_yiuf_cottage
D:4:      layout_basic, makhleb_heckhound_becter, lemuel_tele_altar,
          nicolae_figureground_pulse

Skill      XL: |  1  2  3  4 |
---------------+-------------+-----
Throwing       | 2 |  2.8
Dodging        | 3 |  3.4
Armour         | 1 |  1.8
Fighting       | 3 |  3.0
Maces & Flails | |  2.6

Action                   |  1- 3 |  4- 6 || total
-------------------------+-------+-------++-------
Melee: Flail             |    88 |    27 ||   115
       Quarterstaff      |       |    32 ||    32
Throw: Throwing net      |       |     1 ||     1
 Stab: Sleeping          |     1 |       ||     1
       Confused          |       |     1 ||     1
Armor: Leather armour    |    11 |       ||    11
       Scale mail        |    35 |    43 ||    78
Dodge: Dodged            |    61 |    39 ||   100

Table legend: (Time is in decaauts)
 A = Elapsed time spent in this place.
 B = Non-inter-level travel time spent in this place.
 C = Inter-level travel time spent in this place.
 D = Time resting spent in this place.
 E = Time spent auto-exploring this place.
 F = Levels seen in this place.
 G = Mean time per level.
                   A        B        C        D        E       F      G
               +--------+--------+--------+--------+--------+-----+--------+
         Total |   3464 |   3362 |    102 |      0 |   2931 |   4 |  866.0 |
       Dungeon |   3464 |   3362 |    102 |      0 |   2931 |   4 |  866.0 |
               +--------+--------+--------+--------+--------+-----+--------+

Top non-repeatable levels by time:
     D:3: 1315 daAuts
     D:2: 993 daAuts
     D:1: 817 daAuts
     D:4: 338 daAuts
